 Dungeon Crawl Stone Soup version 0.19-a0-644-gd04d753 (webtiles) character file.

8914 mistymad the Ruffian (level 11, 0/87 HPs)
             Began as a Naga Transmuter on June 14, 2016.
             Was a High Priest of Okawaru.
             Slain by a yak (14 damage)
             ... on level 1 of the Lair of Beasts on June 15, 2016.
             The game lasted 01:01:56 (14702 turns).

mistymad the Ruffian (Naga Transmuter)             Turns: 14702, Time: 01:01:57

Health: 0/87       AC:  3    Str: 13      XL:     11   Next: 38%
Magic:  13/20      EV: 24    Int: 17 (18) God:    Okawaru [*****.]
Gold:   737        SH:  0    Dex: 16 (17) Spells: 7 memorised, 0 levels left

rFire  . . .     SeeInvis +       - Unarmed
rCold  . . .     Gourm    .     (armour currently unavailable)
rNeg   . . .     Faith    .     (shield currently unavailable)
rPois  x         Spirit   .     (helmet currently unavailable)
rElec  .         Dismiss  .     (cloak currently unavailable)
rCorr  .         Reflect  .     (gloves currently unavailable)
SustAt .         Harm     .     (no barding)
MR     ++...                    (no amulet)
Stlth  ++........               F - +1 ring of protection
                                j - ring of wizardry

@: spider-form, very resistant to hostile enchantments, unstealthy
A: (horns 0), see invisible, clever 1, (deformed body), deterioration 1, frail
1, magic resistance 1, (poison resistance), (slowness 0), slow regeneration 1,
slow metabolism 1, spit poison 2, AC +3
a: Spit Poison, End Transformation, Heroism, Finesse, Renounce Religion


You were on level 1 of the Lair of Beasts.
You worshipped Okawaru.
Okawaru was extremely pleased with you.
You were very hungry.
You were a venomous arachnid creature.
You visited 4 branches of the dungeon, and saw 14 of its levels.

You collected 737 gold pieces.

Inventory:

Hand Weapons
 D - a +1 dagger of speed (melded)
Missiles
 a - 83 arrows
 s - a throwing net (quivered)
Armour
 o - a +1 pair of gloves of dexterity (melded)
 Q - a steam dragon hide (melded)
Jewellery
 j - a ring of wizardry (left front leg)
 m - an uncursed ring of protection from cold
 F - a +1 ring of protection (right front leg)
Wands
 n - a wand of lightning (9/15)
 z - a wand of acid (1/15)
 A - a wand of disintegration (11/24)
 C - a wand of flame (35/48)
 G - a wand of paralysis (10/24)
 N - a wand of iceblast (2/15)
Scrolls
 g - 6 scrolls of remove curse
 i - 3 scrolls of enchant armour
 k - 2 scrolls of recharging
 l - 2 scrolls of teleportation
 t - 2 scrolls of enchant weapon {unknown}
 x - 5 scrolls of amnesia {unknown}
 y - a scroll of magic mapping {unknown}
 L - a scroll of random uselessness {unknown}
 P - a scroll of noise {unknown}
 R - a scroll of fog {unknown}
Potions
 d - 2 potions of resistance
 e - a potion of might
 f - a potion of mutation
 p - a potion of invisibility {unknown}
 r - 5 potions of curing
 v - 3 potions of flight {unknown}
 w - 2 potions of heal wounds {unknown}
 B - a potion of haste
 I - 2 potions of berserk rage
 M - a potion of agility {unknown}
Books
 c - a book of Changes

   Spells                             Type                      Level
   a - Beastly Appendage              Transmutation                1
   b - Sticks to Snakes               Transmutation                2
   c - Spider Form                    Transmutation/Poison         3
   d - Ice Form                       Ice/Transmutation            4
   e - Blade Hands                    Transmutation                5
 K - a book of Geomancy

   Spells                             Type                      Level
   a - Sandblast                      Earth                        1
   b - Passwall                       Transmutation/Earth          2
   c - Stone Arrow                    Conjuration/Earth            3
   d - Petrify                        Transmutation/Earth          4
   e - Lee's Rapid Deconstruction     Earth                        5
 O - a book of Conjurations

   Spells                             Type                      Level
   a - Magic Dart                     Conjuration                  1
   b - Searing Ray                    Conjuration                  2
   c - Dazzling Spray                 Conjuration/Hexes            3
   d - Fulminant Prism                Conjuration/Hexes            4
   e - Iskenderun's Mystic Blast      Conjuration                  4
   f - Iskenderun's Battlesphere      Conjuration/Charms           5
Comestibles
 h - 9 beef jerkies
 q - 3 meat rations
 u - 8 bread rations
 E - 8 slices of pizza
 H - a royal jelly
 J - 8 fruits


   Skills:
 + Level 6.3 Fighting
 + Level 5.7 Dodging
 + Level 7.7 Unarmed Combat
 + Level 6.4 Spellcasting
 + Level 7.1 Transmutations
 + Level 3.4 Earth Magic
 - Level 6.4 Poison Magic
 + Level 6.9 Invocations


You couldn't memorise any spells.
You knew the following spells:

 Your Spells              Type           Power        Failure   Level  Hunger
a - Beastly Appendage     Tmut           ####..       1%          1    None
b - Sticks to Snakes      Tmut           ####....     1%          2    None
c - Spider Form           Tmut/Pois      ####......   4%          3    ##.....
d - Blade Hands           Tmut           ####......   17%         5    #####..
e - Lee's Rapid Deconstr  Erth           ###.......   65%         5    #####..
f - Petrify               Tmut/Erth      ###.....     16%         4    ####...
g - Passwall              Tmut/Erth      ###.......   4%          2    None


Dungeon Overview and Level Annotations

Branches:
Dungeon (11/15)            Temple (1/1) D:4            Lair (1/6) D:10
    Orc (1/2) D:9

Altars:
Ashenzari
Cheibriados
Dithmenos
Elyvilon
Fedhas
Gozag
Hepliaklqana
Kikubaaqudgha
Makhleb
Nemelex Xobeh
Okawaru
Pakellas
Qazlal
Ru
Sif Muna
Trog
Uskayaw
Vehumet
Xom
Yredelemnul
Zin
The Shining One
Beogh

Shops:
D:9 %


Innate Abilities, Weirdness & Mutations

You cannot wear boots.
((Your serpentine skin is tough. (AC +3)))
You have supernaturally acute eyesight. (SInv)
((Armour fits poorly on your strangely shaped body.))
((Your system is resistant to poisons. (rPois)))
((You cover ground very slowly.))
You have a slow metabolism.
You can spit poison.
((You have a pair of small horns on your head.))
Your mind is acute. (Int +2)
Your body sometimes deteriorates upon taking damage.
You are frail. (-10% HP)
You are resistant to hostile enchantments. (MR+)
You regenerate slowly when monsters are visible.


Message History

You completely miss the river rat.
The river rat is moderately wounded.
The rat bites you but does no damage. The river rat misses you.
You bite the river rat!
You kill the river rat!
Okawaru accepts your kill. The rat completely misses you. The yak misses you.
The crocodile closely misses you. The rat misses you. The yak misses you.
There is a staircase to the Lair here.
The yak gores you! x2
* * * LOW HITPOINT WARNING * * *
You climb downwards.
Welcome to the Lair of Beasts! 2 yaks come into view.
The yak bellows!
Found 19 gold pieces.
There is a staircase back to the Dungeon here.
You take 23 damage, and have 14/87 hp.
MASSIVE DAMAGE!!
The yak gores you!
You die...

## ##.###
###......
#........
##........
###.........
.#.#....$......
.......s.......
......YrY......
##..##.........
#.. .....P###..
. .......$# .
..........#
..........#
..Y........
..Y.......##


You could see 3 yaks and a rat.

Vanquished Creatures
  Erolcha (D:9)
  Pikel (D:7)
  An ugly thing (D:11)
  A wyvern (D:9)
  5 yaks (D:10)
  Grum (D:10)
  A wraith (Orc:1)
  A human (D:7)
  A hungry ghost (D:7)
  A basilisk (D:10)
  A steam dragon (D:10)
  3 hippogriffs
  A water moccasin (D:7)
  2 porcupines (D:10)
  4 orc warriors (D:9)
  3 sky beasts
  A swamp drake (D:9)
  A black bear (D:9)
  An ice beast (D:6)
  3 slaves (D:7)
  7 ogres
  2 eyes of draining (D:8)
  2 centaurs
  3 wolves (D:10)
  A crocodile (D:10)
  10 giant frogs
  3 scorpions
  3 wights (D:6)
  4 howler monkeys
  5 crimson imps
  A jelly (D:6)
  2 centaur zombies
  A giant frog zombie (D:10)
  3 hounds
  6 orc priests
  2 centaur skeletons
  7 orc wizards
  2 giant frog skeletons
  Ijyb (D:3)
  2 iguanas
  4 worker ants
  4 sheep (D:7)
  A hound zombie (D:6)
  12 gnolls
  6 adders
  3 river rats (D:10)
  3 shadow imps
  An ooze (D:1)
  3 adder skeletons
  3 worms
  3 dart slugs
  4 giant geckos
  41 orcs
  2 ball pythons (D:3)
  5 bats
  3 giant cockroaches
  5 goblins
  9 hobgoblins
  12 jackals
  4 quokkas
  A giant gecko skeleton (D:5)
  5 giant newts
  7 kobolds
  A quokka skeleton (D:4)
  13 rats
256 creatures vanquished.

Vanquished Creatures (collateral kills)
  A slave (D:7)
  A phantom (D:8)
  An adder zombie (D:9)
  2 orcs (D:9)
5 creatures vanquished.

Vanquished Creatures (others)
  2 bushes (D:10)
  6 fungi (D:10)
  11 plants (D:10)
19 creatures vanquished.

Grand Total: 280 creatures vanquished

Notes
Turn   | Place    | Note
--------------------------------------------------------------
     0 | D:1      | mistymad the Naga Transmuter began the quest for the Orb.
     0 | D:1      | Reached XP level 1. HP: 18/18 MP: 3/3
    48 | D:1      | Reached XP level 2. HP: 25/25 MP: 5/5
    54 | D:1      | Learned a level 2 spell: Sticks to Snakes
   227 | D:1      | Found a roughly hewn altar of Beogh.
   227 | D:1      | Noticed an orc warrior
   694 | D:1      | Reached XP level 3. HP: 19/31 MP: 4/6
  1789 | D:2      | Learned a level 3 spell: Spider Form
  2465 | D:3      | Noticed Ijyb
  2529 | D:3      | Reached XP level 4. HP: 39/39 MP: 7/7
  2587 | D:3      | Killed Ijyb
  3239 | D:3      | Reached XP level 5. HP: 38/45 MP: 9/9
  3639 | D:3      | Reached skill level 1 in Poison Magic
  4375 | D:4      | Reached XP level 6. HP: 47/54 MP: 6/10
  4528 | D:4      | Found a staircase to the Ecumenical Temple.
  4534 | Temple   | Entered the Ecumenical Temple
  4602 | Temple   | Became a worshipper of Warmaster Okawaru
  4629 | D:4      | Found a shimmering altar of Xom.
  5270 | D:5      | Entered Level 5 of the Dungeon
  5386 | D:5      | Found a deep blue altar of Sif Muna.
  5538 | D:5      | Reached skill level 1 in Invocations
  5620 | D:5      | Reached XP level 7. HP: 61/61 MP: 5/12
  6267 | D:6      | Reached * piety under Okawaru
  6935 | D:6      | Reached XP level 8. HP: 32/69 MP: 9/13
  7282 | D:6      | Reached skill level 5 in Unarmed Combat
  7377 | D:6      | Reached ** piety under Okawaru
  8142 | D:7      | Reached XP level 9. HP: 36/78 MP: 13/15
  9076 | D:7      | Noticed Pikel
  9117 | D:7      | Killed Pikel
  9117 | D:7      | Reached *** piety under Okawaru
  9117 | D:7      | Reached skill level 5 in Transmutations
  9117 | D:7      | Reached skill level 5 in Poison Magic
  9704 | D:7      | Reached skill level 5 in Spellcasting
  9943 | D:8      | Reached skill level 5 in Fighting
 10180 | D:8      | Reached XP level 10. HP: 83/88 MP: 14/17
 10204 | D:8      | Learned a level 5 spell: Blade Hands
 10211 | D:8      | Learned a level 5 spell: Lee's Rapid Deconstruction
 10222 | D:8      | Reached skill level 5 in Invocations
 10694 | D:8      | Reached **** piety under Okawaru
 10800 | D:8      | Found a blossoming altar of Fedhas.
 10867 | D:8      | Reached skill level 1 in Earth Magic
 11235 | D:9      | Noticed Erolcha
 11250 | D:9      | Killed Erolcha
 11541 | D:9      | Found Coxenise's Food Shoppe.
 11839 | D:9      | Reached skill level 5 in Dodging
 11845 | D:9      | Gained mutation: You have a pair of small horns on your head. [mutagenic meat]
 11847 | D:9      | Gained mutation: You regenerate slowly when monsters are visible. [mutagenic meat]
 11848 | D:9      | Gained mutation: You are resistant to hostile enchantments. (MR+) [mutagenic meat]
 11930 | D:9      | Found a staircase to the Orcish Mines.
 11956 | D:9      | Reached ***** piety under Okawaru
 12264 | D:9      | Learned a level 4 spell: Petrify
 12611 | D:9      | Gained mutation: You are frail. (-10% HP) [mutagenic meat]
 12613 | D:9      | Gained mutation: Your mind is acute. (Int +2) [mutagenic meat]
 12614 | D:9      | Gained mutation: Your body sometimes deteriorates upon taking damage. [mutagenic meat]
 12874 | Orc:1    | Entered Level 1 of the Orcish Mines
 13541 | Orc:1    | Reached XP level 11. HP: 79/87 MP: 17/20
 13588 | D:9      | Learned a level 2 spell: Passwall
 13626 | D:10     | Entered Level 10 of the Dungeon
 13937 | D:10     | Found a staircase to the Lair.
 13993 | D:10     | Noticed Grum
 14016 | D:10     | Killed Grum
 14123 | D:10     | Noticed a hill giant
 14139 | D:10     | Received a gift from Okawaru
 14285 | D:11     | Noticed a red ugly thing
 14298 | D:11     | Killed a red ugly thing
 14392 | D:11     | Noticed a manticore
 14701 | Lair:1   | Entered Level 1 of the Lair of Beasts
 14702 | Lair:1   | Slain by a yak

Vault maps used:
D:1:      erik_arrival_cave_to_civilisation
D:3:      roderic_lattice_a, nrook_loot_triangle, uniq_iyjb
D:4:      kennysheep_mini, minmay_temple_entry_statues_pillars,
          kennysheep_generic_room_4
D:5:      lemuel_doored_altar, first_bread
D:7:      minmay_strange_pillars, grunt_livestock, st_stairs_4, uniq_pikel
D:8:      basic_altar
D:9:      erik_orc_1, serial_shops, shop, serial_park_tiny_1, uniq_erolcha
D:10:     minmay_lair_entry_grove, minmay_tree_intersection, uniq_grum
D:11:     grunt_gozag_statues
Temple:   dpeg_circular_temple_20
Lair:1:   minmay_lair_oklob_bushes
Orc:1:    nicolae_orc_accident_1, uniq_maurice, uniq_josephine, uniq_erica

Skill      XL: |  1  2  3  4  5  6  7  8  9 10 11 |
---------------+----------------------------------+-----
Fighting       | 2 3 4 5 6 |  6.3
Dodging        | 2 3 4 5 |  5.7
Poison Magic   | 1 2 3 4 6 |  6.4
Unarmed Combat | 4 5 6 7 |  7.7
Spellcasting   | 3 4 5 6 |  6.4
Transmutations | 3 4 5 6 7 |  7.1
Invocations    | 1 2 3 4 6 |  6.9
Earth Magic    | 2 3 |  3.4

Action                   |  1- 3 |  4- 6 |  7- 9 | 10-12 || total
-------------------------+-------+-------+-------+-------++-------
Melee: Unarmed           |    68 |    87 |   327 |   348 ||   830
       Headbutt          |     9 |     5 |       |    13 ||    27
       Dagger            |    22 |    75 |    22 |    58 ||   177
       Punch             |       |       |     1 |     2 ||     3
Throw: Throwing net      |       |       |     1 |       ||     1
 Cast: Beastly Appendage |    13 |     9 |       |       ||    22
       Spider Form       |       |    15 |    38 |    42 ||    95
       Sticks to Snakes  |       |       |     8 |    14 ||    22
       Petrify           |       |       |       |     9 ||     9
Invok: Heroism           |       |       |     3 |     1 ||     4
       Finesse           |       |       |       |     1 ||     1
 Abil: Spit Poison       |    32 |    26 |     8 |    11 ||    77
  Use: Scroll            |       |     6 |     1 |     3 ||    10
       Potion            |       |       |     1 |       ||     1
 Stab: Petrified         |       |       |       |     4 ||     4
       Distracted        |       |       |       |     3 ||     3
       Sleeping          |       |       |       |     2 ||     2
       Petrifying        |       |       |       |     1 ||     1
  Eat: Chunk             |     4 |     9 |    17 |    25 ||    55
       Bread ration      |       |     1 |       |       ||     1
Armor: Robe              |    20 |    15 |     7 |     7 ||    49
       Skin              |       |     7 |    11 |     6 ||    24
       Steam dragon hide |       |       |       |     2 ||     2
Dodge: Dodged            |    62 |   121 |   303 |   327 ||   813
